 Dungeon Crawl Stone Soup version 0.25-a0-317-g5f8687bca5 (webtiles) character file.

Game seed: 7687605191406965024, levelgen mode: deterministic

250 Lanoc the Chopper (level 5, -6/41 HPs)
             Began as a Vampire Gladiator on Dec 26, 2019.
             Was a Believer of Cheibriados.
             Mangled by an iguana (9 damage)
             ... on level 5 of the Dungeon.
             The game lasted 00:03:57 (2337 turns).

Lanoc the Chopper (Vampire Gladiator)               Turns: 2337, Time: 00:03:57

Health: -6/41      AC:  4    Str: 17    XL:     5   Next: 88%
Magic:  5/5        EV: 15    Int: 15    God:    Cheibriados [**....]
Gold:   68         SH:  0    Dex: 20    Spells: 4/4 levels left

rFire    . . .     SeeInvis +   a - +1 war axe
rCold    . . .     Gourm    .   (no shield)
rNeg     . . .     Faith    .   b - +0 leather armour
rPois    .         Spirit   .   c - +0 helmet
rElec    .         Reflect  .   (no cloak)
rCorr    .         Harm     .   (no gloves)
MR       .....                  (no boots)
Stlth    ++........             (no amulet)
HPRegen  0.33/turn              f - ring of wizardry
MPRegen  0.09/turn              (no ring)

@: regenerating quickly, very slow
A: no food, fangs 3, see invisible, unbreathing
a: Exsanguinate, Bend Time, Renounce Religion


You were on level 5 of the Dungeon.
You worshipped Cheibriados.
Cheibriados was pleased with you.
You were alive.

You visited 1 branch of the dungeon, and saw 5 of its levels.

You collected 68 gold pieces.

Inventory:

Hand Weapons
 a - a +1 war axe (weapon)
Missiles
 d - 3 throwing nets (quivered)
Armour
 b - a +0 leather armour (worn)
 c - a +0 helmet (worn)
 o - a +0 shield
Jewellery
 f - a ring of wizardry (left hand)
Wands
 l - a wand of flame (15)
Scrolls
 e - 2 scrolls of identify
 g - 2 scrolls of enchant weapon
 h - a scroll of magic mapping
 k - a scroll of remove curse
 m - a scroll of noise {unknown}
 n - a scroll of teleportation
Potions
 i - 2 potions of magic
 j - a potion of cancellation


   Skills:
 + Level 3.0 Fighting
 * Level 4.6 Axes
 - Level 1.5 Throwing
 + Level 4.5 Dodging
 + Level 1.0 Invocations


You had 4 spell levels left.
You didn't know any spells.
Your spell library was empty.

Dungeon Overview and Level Annotations

Branches:
Dungeon (5/15)
 Temple: D:4-7

Altars:
Cheibriados
Gozag
Makhleb
Sif Muna
Wu Jian
Xom
Yredelemnul


Innate Abilities, Weirdness & Mutations

You do not eat.
Your natural rate of healing is unusually fast.
You have razor-sharp teeth.
You have supernaturally acute eyesight. (SInv)
You can survive without breathing.


Message History

You are too injured to fight recklessly!
You are too injured to fight recklessly!
You hit the iguana.
The iguana is severely wounded.
The iguana barely misses you.
You hit the iguana but do no damage.
The iguana is severely wounded.
The iguana bites you!
* * * LOW HITPOINT WARNING * * *
You barely miss the iguana. You bite the iguana.
The iguana is severely wounded.
The iguana completely misses you. The iguana bites you!
* * * LOW HITPOINT WARNING * * *
You barely miss the iguana. Your bite misses the iguana.
The iguana is severely wounded.
The iguana barely misses you.
You hit the iguana but do no damage.
The iguana is severely wounded.
The iguana bites you!
You die...

######..##.#
#..##<#
#..##.#
#.....#
#.###.# #.#
#.# #.#
#..###
#.###....#
#.@l.....#
#...P.P..#
#.#.._...#
#.#.P.P.##
........#
##.###.###
#.# .# #. .#


You could see an iguana.

Vanquished Creatures
  A howler monkey (D:4)
  A crimson imp (D:3)
  An orc wizard (D:4)
  A hound skeleton (D:4)
  4 gnolls (D:3)
  2 adders
  2 worms
  2 dart slugs
  6 leopard geckos
  2 orcs (D:3)
  5 giant cockroaches
  6 goblins
  6 hobgoblins
  2 jackals (D:4)
  8 kobolds
  2 quokkas (D:3)
  2 ball pythons
  6 bats
  A frilled lizard (D:1)
  6 rats
66 creatures vanquished.

Notes
Turn   | Place    | Note
-------+----------+-------------------------------------------
     0 | D:1      | Lanoc the Vampire Gladiator began the quest for the Orb.
     0 | D:1      | Reached XP level 1. HP: 16/16 MP: 1/1
   232 | D:1      | Reached XP level 2. HP: 22/22 MP: 2/2
   660 | D:2      | Found a snail-covered altar of Cheibriados.
   675 | D:2      | Became a worshipper of Cheibriados the Contemplative
   734 | D:2      | Reached XP level 3. HP: 27/27 MP: 3/3
   966 | D:2      | You fall into a shaft and drop 2 floors!
   990 | D:4      | Found an opulent altar of Gozag.
   998 | D:4      | Reached XP level 4. HP: 34/34 MP: 4/4
  1044 | D:4      | Found a burning altar of Makhleb.
  1102 | D:4      | Reached * piety under Cheibriados
  1177 | D:4      | Reached XP level 5. HP: 39/39 MP: 5/5
  1464 | D:3      | Found an ornate altar of the Wu Jian Council.
  1619 | D:3      | Reached skill level 1 in Invocations
  1824 | D:3      | Reached ** piety under Cheibriados
  2165 | D:2      | Found a shimmering blue altar of Sif Muna.
  2168 | D:2      | Found a shimmering altar of Xom.
  2293 | D:5      | Entered Level 5 of the Dungeon
  2327 | D:5      | Found a basalt altar of Yredelemnul.
  2335 | D:5      | HP: 2/41 [iguana (9)]
  2337 | D:5      | Mangled by an iguana

Levels and vault maps discovered:
D:1:      lightli_arrival_isolated_outpost, layout_basic
D:2:      layout_basic, cheibriados_altar_1, minitemple, first_ration
D:3:      layout_basic, lemuel_coloured_pillars_altar
D:4:      minmay_wonky_spiral, layout_cave_pools, nicolae_gozag_seed_capital,
          lemuel_doored_altar
D:5:      layout_loops_ring, nicolae_ru_path_of_blood,
          nicolae_overflow_crystal_walls, nicolae_qazlal_eye_of_the_storm,
          yredelemnul_altar_generic, serial_shops, shop,
          chequers_serial_rivers_small_3, grunt_decor_one_mirror,
          guppyfry_early_orc_mine, uniq_ijyb

Skill      XL: |  1  2  3  4  5 |
---------------+----------------+-----
Axes           | 3 4 |  4.6
Fighting       | 2 3 |  3.0
Dodging        | 4 |  4.5
Invocations    | 1 |  1.0
Throwing       | |  1.5

Action                   |  1- 3 |  4- 6 || total
-------------------------+-------+-------++-------
Melee: War axe           |    96 |   104 ||   200
       Bite              |    16 |    10 ||    26
  Use: Potion            |     2 |       ||     2
       Scroll            |       |     9 ||     9
 Stab: Sleeping          |     1 |     2 ||     3
Armor: Leather armour    |    26 |    40 ||    66
Dodge: Dodged            |    79 |   107 ||   186

Table legend:
 A = Non-vault XP
 B = Vault XP
 C = Vault XP percentage of total XP
 D = Non-vault monster count
 E = Vault monster count
 F = Vault count percentage of total count
                 A         B        C        D         E       F
            +---------+---------+-------+---------+---------+-------
      Total |     316 |      42 |  11.7 |      65 |       1 |   1.5
            +---------+---------+-------+---------+---------+-------
        D:1 |      15 |       0 |   0.0 |       9 |       0 |   0.0
        D:2 |      56 |       0 |   0.0 |      23 |       0 |   0.0
        D:3 |     142 |       0 |   0.0 |      24 |       0 |   0.0
        D:4 |     103 |      42 |  29.0 |       9 |       1 |  10.0
            +---------+---------+-------+---------+---------+-------
